 Dungeon Crawl Stone Soup version 0.28.0 (webtiles) character file.

Game seed: 1559270794333035371

7 BALLS the Shield-Bearer (level 2, 0/16 HPs)
             Began as a Vine Stalker Fighter on Feb 17, 2022.
             Succumbed to a goblin's poison
             ... on level 1 of the Dungeon.
             The game lasted 00:00:27 (307 turns).

BALLS the Shield-Bearer (Vine Stalker Fighter)       Turns: 307, Time: 00:00:28

Health: 0/16       AC:  6    Str: 18    XL:     2   Next: 4%
Magic:  1/3        EV:  9    Int:  8    God:
Gold:   27         SH:  4    Dex: 13    Spells: 1/1 levels left

rFire   . . .      SeeInvis .   a - +0 long sword
rCold   . . .      Faith    .   c - +0 buckler
rNeg    . . .      Spirit   +   b - +0 scale mail
rPois   .          Reflect  .   (no helmet)
rElec   .          Harm     .   (no cloak)
rCorr   .          Rampage  .   (no gloves)
Will    .....                   (no boots)
Stlth   ..........              (no amulet)
HPRegen 0.05/turn               (no ring)
MPRegen 0.08/turn               (no ring)

@: lethally poisoned (0 -> -2)
A: fangs 2, magic shield, antimagic bite, no potion heal 2
a: no special abilities


You were on level 1 of the Dungeon.
You visited 1 branch of the dungeon, and saw 1 of its levels.

You collected 27 gold pieces.

Inventory:

Hand Weapons
 a - a +0 long sword (weapon)
Armour
 b - a +0 scale mail (worn)
 c - a +0 buckler (worn)
Potions
 d - a potion of might


   Skills:
 - Level 2.6 Fighting
 + Level 2.4 Long Blades
 - Level 2.4 Armour
 - Level 2.6 Shields


You had one spell level left.
You didn't know any spells.
Your spell library was empty.

Dungeon Overview and Level Annotations

Branches:
Dungeon (1/15)

Altars:


Innate Abilities, Weirdness & Mutations

You have extremely sharp teeth.
When hurt, damage is shared between your health and your magic reserves.
Your bite disrupts and absorbs the magic of your enemies.
Potions cannot restore your health.


Message History

HP restored.
Found a flail.
A ball python comes into view.
An endoplasm comes into view.
There are monsters nearby!
You closely miss the ball python.
The ball python bites you but does no damage.
The ball python misses you.
You closely miss the ball python. The ball python closely misses you.
The ball python grabs you. The ball python constricts you.
The ball python completely misses you. The ball python constricts you.
You slash the ball python!
You kill the ball python!
You slash the endoplasm!
You kill the endoplasm!
A goblin comes into view. It is wielding a +0 dagger of venom.
The goblin shouts!
A bat comes into view.
The bat closely misses you. The bat barely misses you.
The goblin hits you with a +0 dagger of venom.
You are lethally poisoned!
You hit the goblin but do no damage. You bite the goblin, but do no damage.
You feel very sick. The bat closely misses you.
The bat hits you but does no damage. The goblin hits you but does no damage.
You slash the goblin!
You kill the goblin!
You feel sick. The bat hits you but does no damage.
You have reached level 2!
You barely miss the bat. You bite the bat, but do no damage.
* * * LOW HITPOINT WARNING * * *
You feel sick. The bat barely misses you. The bat hits you.
* * * LOW HITPOINT WARNING * * *
* * * LOW HITPOINT WARNING * * *
You feel sick. The bat barely misses you.
* * * LOW HITPOINT WARNING * * *
You feel sick. The bat hits you but does no damage.
You barely miss the bat.
You die...

#..............
#..............
############..............
#.........................
#.........................
#.......................##
#...........†############
#............#
#......).@b..#
#......).....#
#............#
#............#
#............#
#............#
##############


You could see a bat.

Vanquished Creatures
  3 endoplasms (D:1)
  A goblin (D:1)
  A ball python (D:1)
  A frilled lizard (D:1)
  A kobold (D:1)
7 creatures vanquished.

Notes
Turn   | Place    | Note
-------+----------+-------------------------------------------
     0 | D:1      | BALLS the Vine Stalker Fighter began the quest for the Orb.
     0 | D:1      | Reached XP level 1. HP: 11/11 MP: 2/2
   304 | D:1      | Reached XP level 2. HP: 6/16 MP: 1/3
   307 | D:1      | Succumbed to a goblin's poison

Illustrated notes

Levels and vault maps discovered:
D:1:      saegor_arrival_simple_d, layout_basic

Skill      XL: |  1 |
---------------+----+-----
Long Blades    | 2 |  2.4
Fighting       | |  2.6
Armour         | |  2.4
Shields        | |  2.6

Action                   || total
-------------------------++-------
Melee: Long sword        ||    15
       Bite              ||     6
Armor: Scale mail        ||     7
Dodge: Dodged            ||    10
